 Dungeon Crawl Stone Soup version 0.28-a0-1447-ga5a8893891 (webtiles) character file.

Game seed: 4279812370330049894

11702 herbaltea the Cleaver (level 11, -4/89 HPs)
             Began as a Palentonga Delver on Jan 12, 2022.
             Was an Elder of Elyvilon.
             Shot with an arrow by a centaur warrior (11 damage)
             ... on level 13 of the Dungeon.
             The game lasted 01:03:43 (15188 turns).

herbaltea the Cleaver (Palentonga Delver)          Turns: 15188, Time: 01:03:44

Health: -4/89      AC: 25    Str: 20    XL:     11   Next: 52%
Magic:  18/18      EV:  6    Int: 10    God:    Elyvilon [****..]
Gold:   686        SH:  9    Dex: 12    Spells: 10/10 levels left

rFire   . . .      SeeInvis +   e - +2 mace (protect)
rCold   + . .      Faith    .   y - +0 buckler
rNeg    + . .      Spirit   .   F - +2 chain mail {Will+}
rPois   .          Reflect  .   (helmet restricted)
rElec   .          Harm     .   (no cloak)
rCorr   .          Rampage  .   U - +0 pair of gloves
Will    +....                   (no barding)
Stlth   ..........              (no amulet)
HPRegen 0.24/turn               m - ring of positive energy
MPRegen 0.16/turn               G - ring of protection from cold

@: under a protective aura, curled up
A: large, rugged brown scales 3, see invisible, deformed body, roll 1, armoured
tail, reflexive curl, antennae 1, talons 1, large bone plates 1
a: Rolling Charge, Renounce Religion, Purification, Heal Other, Heal Self


You were on level 13 of the Dungeon.
You worshipped Elyvilon.
Elyvilon was greatly pleased with you.
You visited 2 branches of the dungeon, and saw 12 of its levels.
You also visited: Bailey.

You collected 706 gold pieces.
You spent 20 gold pieces at shops.

Inventory:

Hand Weapons
 b - a +0 hunting sling
 e - a +2 mace of protection (weapon)
 n - a +0 vorpal bardiche
 q - a +0 broad axe
 t - a +1 dagger of electrocution
 E - a +4 flail
 I - a +5 battleaxe
 O - a +0 war axe
 Y - a +1 rapier of venom
Missiles
 j - 432 stones
 o - 61 sling bullets
 u - 17 boomerangs
 x - 41 poisoned darts (quivered)
 H - 2 atropa-tipped darts
 V - 7 throwing nets
 X - a curare-tipped dart
Armour
 i - a +0 helmet
 w - an orb of light
 y - a +0 buckler (worn)
 F - a +2 chain mail of willpower (worn)
 S - a +0 kite shield
 U - a +0 pair of gloves (worn)
Magical Staves
 p - a staff of earth
 J - a staff of fire
Jewellery
 m - a ring of positive energy (left hand)
 G - a ring of protection from cold (right hand)
 Z - an amulet of guardian spirit
Wands
 g - a wand of digging (3)
 l - a wand of iceblast (16)
Scrolls
 a - a scroll of summoning
 c - a scroll of fog
 d - 2 scrolls of magic mapping
 k - a scroll of vulnerability
 r - 3 scrolls of brand weapon
 s - 2 scrolls of noise {unknown}
 v - a scroll of fear
 A - 2 scrolls of teleportation
 B - 2 scrolls of amnesia
 D - 2 scrolls of enchant armour
 K - a scroll of holy word {unknown}
 N - 2 scrolls of blinking {unknown}
 R - a scroll of torment {unknown}
 W - 2 scrolls of acquirement {unknown}
Potions
 f - 2 potions of haste
 h - 3 potions of curing
 z - 3 potions of magic
 L - a potion of heal wounds
 M - a potion of invisibility
 P - a potion of ambrosia
 Q - 2 potions of might
 T - a potion of lignification {unknown}


   Skills:
 + Level 7.0 Fighting
 * Level 11.4 Axes
 + Level 3.2 Armour
 + Level 5.3 Dodging
 - Level 5.0 Stealth
 - Level 4.0 Shields
 + Level 9.4 Invocations
 + Level 3.5 Evocations


You had 10 spell levels left.
You didn't know any spells.
Your spell library contained the following spells:

 Spells                   Type           Power      Damage    Failure   Level
 Beastly Appendage        Tmut           0%         N/A       99%         1
 Slow                     Hex            0%         N/A       99%         1
 Wereblood                Tmut           0%         N/A       100%        2
 Confusing Touch          Hex            0%         N/A       100%        3
 Dazzling Flash           Conj/Hex       0%         N/A       100%        3
 Gell's Gravitas          Tloc           0%         N/A       100%        3
 Lesser Beckoning         Tloc           0%         N/A       100%        3
 Spider Form              Tmut/Pois      0%         N/A       100%        3
 Teleport Other           Tloc           0%         N/A       100%        3
 Vampiric Draining        Necr           0%         2d6       100%        3
 Iskenderun's Mystic Bla  Conj/Tloc      0%         2d3       100%        4
 Starburst                Conj/Fire      0%         6d3       100%        6


Dungeon Overview and Level Annotations

Branches:
Dungeon (10/15)            Temple (1/1) D:6            Lair (0/6) D:9
    Orc (0/2) D:10         Bailey (visited)

Altars:
Ashenzari
Cheibriados
Dithmenos
Elyvilon
Fedhas
Gozag
Hepliaklqana
Kikubaaqudgha
Makhleb
Nemelex Xobeh
Okawaru
Qazlal
Ru
Sif Muna
Trog
Uskayaw
Vehumet
Wu Jian
Xom
Yredelemnul
Zin
The Shining One

Shops:
D:4 *

Annotations:
D:9 vault ha, haste, xom piece
D:10 Erolcha, Joseph, Snorg


Innate Abilities, Weirdness & Mutations

You are completely covered in rugged brown scales. (AC +3, +7% HP)
You have supernaturally acute eyesight. (SInv)
Armour fits poorly on your strangely shaped body.
You can roll at nearby foes to attack.
You have a long armoured tail.
You curl defensively after being hit. (AC +7*)
You have a pair of small antennae on your head.
You have sharp toenails.
You are partially covered in large bone plates. (SH +4)


Message History

The cyclops shouts!
The cyclops throws a large rock.
The large rock hits you!
The cyclops throws a large rock.
The large rock hits you.
The cyclops throws a large rock.
The large rock hits you!!
The cyclops throws a large rock.
The large rock hits you!!
* * * LOW HITPOINT WARNING * * *
The cyclops throws a large rock.
The large rock closely misses you.
The cyclops throws a large rock.
You block the large rock.
A vampire comes into view.
As you read the scroll of teleportation, it crumbles to dust.
You feel strangely unstable.
Your surroundings suddenly seem different.
Found a murky golden potion.
A freezing wraith and 2 skeletal warriors come into view.
A skeletal warrior comes into view. It is wielding a +0 halberd.
A freezing wraith comes into view.
Found a scroll labelled ENIMA RACWE.
You see here a scroll labelled ENIMA RACWE.
A centaur warrior comes into view.
The centaur warrior wields a +0 longbow.
The centaur warrior shoots an arrow.
The arrow hits you!!
* * * LOW HITPOINT WARNING * * *
Really quaff the potion of mutation?
You feel extremely strange.
Your toenails lengthen and sharpen.
A pair of antennae grows on your head!
Your +0 helmet falls away!
Large bone plates grow over parts of your arms.
The centaur warrior shoots an arrow.
The arrow hits you!! Elyvilon protects you from harm!
The freezing wraith hits you but does no damage.
The freezing wraith hits you.
* * * LOW HITPOINT WARNING * * *
The centaur warrior shoots an arrow.
The arrow hits you! Elyvilon protects you from harm!
Unknown command.
You hit the freezing wraith but do no damage.
Your weapon exudes an aura of protection.
You claw the freezing wraith, but do no damage.
The centaur warrior shoots an arrow.
The arrow hits you!
You die...

#...........
#...........
#...........
#..........c
#...........
#...........
#...........
#...@.......
#.zW######..
#...# #..#
#..W# #..#
#..?#
#####..#
#...#
.......#
#.z.#
.......#
#..z#
.......#
#...#


You could see 3 skeletal warriors, a centaur warrior and 2 freezing wraiths.

Vanquished Creatures
  An orc warlord (Bailey)
  3 orc knights (Bailey)
  A komodo dragon (D:9)
  Prince Ribbit (D:7)
  Grum (D:8)
  3 vampire mosquitoes
  2 water moccasins
  11 orc warriors
  2 ogres
  2 black bears
  A sky beast (D:7)
  3 centaurs
  2 kobold brigands
  4 bullfrogs
  A scorpion (D:6)
  6 gnoll sergeants
  5 wights
  An electric eel (D:6)
  A bullfrog zombie (D:7)
  14 hounds
  4 orc priests
  3 gnoll shamans
  An iguana (D:5)
  Terence (D:2)
  7 orc wizards
  A killer bee zombie (D:8)
  A hound skeleton (D:4)
  38 gnolls
  2 adders (D:2)
  A shadow imp (D:5)
  4 ufetubi
  A worm (D:3)
  5 dart slugs
  46 orcs
  10 ball pythons
  7 endoplasms
  5 giant cockroaches
  18 goblins
  16 hobgoblins
  7 jackals
  A quokka (D:2)
  3 bats
  5 frilled lizards
  16 kobolds
  6 rats
274 creatures vanquished.

Vanquished Creatures (others)
  An orc wizard (D:6)
  9 plants (D:9)
10 creatures vanquished.

Grand Total: 284 creatures vanquished

Notes
Turn   | Place    | Note
-------+----------+-------------------------------------------
     0 | D:5      | herbaltea the Palentonga Delver began the quest for the
                  | Orb.
     0 | D:5      | Reached XP level 1. HP: 19/19 MP: 1/1
    21 | D:5      | Noticed an ogre
   144 | D:4      | Noticed a hound
   186 | D:4      | Reached XP level 2. HP: 4/25 MP: 2/2
   359 | D:4      | Reached XP level 3. HP: 21/31 MP: 3/3
   545 | D:4      | Reached skill level 3 in Axes
   612 | D:3      | Reached XP level 4. HP: 10/37 MP: 4/4
  1505 | D:2      | Noticed Terence
  2389 | D:1      | Reached XP level 5. HP: 43/43 MP: 5/5
  2767 | D:2      | Killed Terence
  3065 | D:2      | Found a faded altar of an unknown god.
  3135 | D:2      | Reached skill level 1 in Shields
  3566 | D:3      | Reached skill level 4 in Axes
  3566 | D:3      | Reached XP level 6. HP: 34/51 MP: 6/6
  3897 | D:4      | Found Syuptet's General Store.
  3905 | D:4      | Bought a scroll of identify for 20 gold pieces
  4884 | D:5      | Noticed a water moccasin
  4894 | D:5      | Killed a water moccasin
  4895 | D:5      | Gained mutation: You curl defensively after being hit. (AC
                  | +7*) [Palentonga growth]
  4895 | D:5      | Reached XP level 7. HP: 37/57 MP: 7/7
  5064 | D:5      | Found a radiant altar of Vehumet.
  5217 | D:6      | Reached skill level 5 in Axes
  5538 | D:6      | Found a staircase to the Ecumenical Temple.
  5547 | Temple   | Entered the Ecumenical Temple
  5940 | Temple   | Became a worshipper of Elyvilon the Healer
  5969 | D:6      | Identified the +7 mace of Biashror {drain, rElec rC- rN+}
  6555 | D:6      | Reached XP level 8. HP: 6/65 MP: 8/8
  6805 | D:6      | Reached skill level 1 in Invocations
  7057 | D:6      | Reached skill level 6 in Axes
  7083 | D:6      | Reached skill level 5 in Fighting
  7465 | D:7      | Noticed Prince Ribbit
  7472 | D:7      | Killed Prince Ribbit
  7486 | D:7      | Reached * piety under Elyvilon
  7777 | D:7      | HP: 3/67 [gnoll sergeant (3)]
  8144 | D:7      | Reached XP level 9. HP: 61/72 MP: 11/11
  9066 | D:7      | Reached ** piety under Elyvilon
  9159 | D:8      | Reached skill level 7 in Axes
  9159 | D:8      | Reached skill level 1 in Evocations
  9196 | D:8      | Reached skill level 1 in Armour
  9244 | D:8      | Reached skill level 5 in Stealth
  9583 | D:8      | Found a flagged portal.
  9616 | Bailey   | Entered a bailey
 10118 | Bailey   | Noticed an orc knight
 10136 | Bailey   | Killed an orc knight
 10501 | Bailey   | Reached skill level 8 in Axes
 10525 | Bailey   | Noticed an orc knight
 10540 | Bailey   | Elyvilon protects you from harm!
 10553 | Bailey   | Killed an orc knight
 10554 | Bailey   | Reached XP level 10. HP: 16/82 MP: 13/13
 10891 | Bailey   | Noticed an orc warlord
 10899 | Bailey   | Reached skill level 10 in Axes
 10899 | Bailey   | Reached XP level 11. HP: 88/88 MP: 13/17
 10990 | Bailey   | Killed an orc warlord
 10991 | Bailey   | Reached skill level 11 in Axes
 11310 | Bailey   | Noticed an orc knight
 11317 | Bailey   | Killed an orc knight
 11318 | Bailey   | Reached skill level 5 in Dodging
 11967 | D:8      | Noticed Grum
 11971 | D:8      | Killed Grum
 12067 | D:8      | HP: 4/88 [gnoll (1)]
 12671 | D:8      | Reached *** piety under Elyvilon
 13051 | D:9      | Noticed a boulder beetle
 13056 | D:9      | Noticed a six-headed hydra
 13057 | D:9      | Noticed a centaur warrior
 13078 | D:9      | Noticed a centaur warrior
 13079 | D:9      | Noticed a deep elf pyromancer
 13080 | D:9      | Noticed a six-headed hydra
 13080 | D:9      | Noticed a deep elf pyromancer
 13080 | D:9      | Noticed a deep elf pyromancer
 13262 | D:9      | Reached **** piety under Elyvilon
 13363 | D:9      | Found a staircase to the Lair.
 13851 | D:10     | Entered Level 10 of the Dungeon
 13858 | D:10     | Noticed Snorg
 14708 | D:10     | Found a staircase to the Orcish Mines.
 14779 | D:10     | Noticed Joseph
 14782 | D:10     | Noticed Erolcha
 15097 | D:10     | You fall into a shaft and drop 3 floors!
 15127 | D:13     | Noticed a seven-headed hydra
 15163 | D:13     | Noticed a skeletal warrior
 15163 | D:13     | Noticed a skeletal warrior
 15163 | D:13     | Noticed a skeletal warrior
 15186 | D:13     | Noticed a centaur warrior
 15187 | D:13     | Gained mutation: You have sharp toenails. [potion of
                  | mutation]
 15187 | D:13     | Gained mutation: You have a pair of small antennae on your
                  | head. [potion of mutation]
 15187 | D:13     | Gained mutation: You are partially covered in large bone
                  | plates. (SH +4) [potion of mutation]
 15187 | D:13     | Elyvilon protects you from harm!
 15187 | D:13     | Elyvilon protects you from harm!
 15188 | D:13     | Shot with an arrow by a centaur warrior

Illustrated notes

Levels and vault maps discovered:
D:1:      lemuel_arrival_muddy, layout_basic
D:2:      minmay_chambers_of_ones, layout_loops_ring,
          ebering_ecumenical_altar_hall, minmay_unequal, uniq_terence
D:3:      layout_loops_ring
D:4:      layout_cave_pools, serial_shops, kennysheep_little_box,
          minmay_misc_feat_five, st_stairs_10, hangedman_decor_clover_reticule
D:5:      layout_rooms, marbit_many_paths, kennysheep_generic_room_6
D:6:      layout_loops_ring, minmay_temple_entry_sparse_star, lightli_minifort
D:7:      layout_basic, uniq_prince_ribbit1
D:8:      layout_cave_pools, enter_bailey_4, serial_gnoll_camp,
          gnoll_camp_mini_house, gnoll_camp_mini_house, gnoll_camp_medium_02,
          gnoll_camp_mini_hut, grums_kennel, gnoll_camp_mini_loothouse,
          minmay_misc_feat_rows
D:9:      layout_irregular_city, david_lair_shrubbed, minivault_12
D:10:     layout_irregular_city, orc_0_dummy, uniq_snorg, uniq_erolcha,
          uniq_joseph
D:13:     layout_long_grid, david_vaults_3, chequers_arboretum
Temple:   mainiacjoe_temple_trianglar_array

Skill      XL: |  1  2  3  4  5  6  7  8  9 10 11 |
---------------+----------------------------------+-----
Dodging        | 2 3 4 5 |  5.3
Axes           | 3 4 5 6 8 10 11 | 11.4
Shields        | 1 2 3 4 |  4.0
Fighting       | 4 5 6 7 |  7.0
Stealth        | 4 5 |  5.0
Invocations    | 2 4 9 |  9.4
Evocations     | 2 3 |  3.5
Armour         | 2 3 |  3.2

Action                   |  1- 3 |  4- 6 |  7- 9 | 10-12 || total
-------------------------+-------+-------+-------+-------++-------
Melee: Mace              |    52 |   157 |   437 |    14 ||   660
       Tailslap          |     4 |    34 |    71 |    25 ||   134
       Dagger            |       |    81 |       |       ||    81
       Flail             |       |    14 |       |       ||    14
       Broad axe         |       |       |       |   183 ||   183
       Kick              |       |       |       |     1 ||     1
Throw: Dart              |       |    11 |    12 |    11 ||    34
       Throwing net      |       |       |     2 |       ||     2
       Stone             |       |       |     1 |       ||     1
 Abil: Rolling Charge    |    10 |    28 |    41 |    12 ||    91
Evoke: Wand              |       |     2 |    16 |     7 ||    25
  Use: Scroll            |     1 |     6 |     4 |     7 ||    18
       Potion            |       |       |     2 |     3 ||     5
 Stab: Distracted        |       |       |       |     1 ||     1
Armor: Ring mail         |    41 |     7 |       |       ||    48
       Chain mail        |       |   181 |    44 |   123 ||   348
       Plate armour      |       |       |   264 |       ||   264
       Leather armour    |       |       |     3 |     4 ||     7
       Skin              |       |       |     1 |       ||     1
Dodge: Dodged            |    38 |    78 |   108 |    81 ||   305
Block: Buckler           |       |    30 |   138 |    56 ||   224

Table legend: (Time is in decaauts)
 A = Elapsed time spent in this place.
 B = Non-inter-level travel time spent in this place.
 C = Inter-level travel time spent in this place.
 D = Time resting spent in this place.
 E = Time spent auto-exploring this place.
 F = Levels seen in this place.
 G = Mean time per level.
                   A        B        C        D        E       F      G
               +--------+--------+--------+--------+--------+-----+--------+
         Total |  15359 |  14955 |    404 |   4437 |   6788 |  13 | 1181.5 |
       Dungeon |  12737 |  12381 |    356 |   3319 |   6025 |  11 | 1157.9 |
        Temple |    412 |    364 |     48 |      0 |    362 |   1 |  412.0 |
        Bailey |   2209 |   2209 |      0 |   1118 |    401 |   1 | 2209.0 |
               +--------+--------+--------+--------+--------+-----+--------+

Top non-repeatable levels by time:
  Bailey: 2209 daAuts
     D:7: 2036 daAuts
     D:6: 1632 daAuts
     D:9: 1421 daAuts
     D:2: 1307 daAuts
     D:4: 1263 daAuts
     D:5: 1226 daAuts
     D:8: 1180 daAuts
     D:1: 868 daAuts
     D:3: 855 daAuts
    D:10: 855 daAuts
  Temple: 412 daAuts
    D:13: 90 daAuts
